 Dungeon Crawl Stone Soup version 0.29.1-1-gd02db6906a (webtiles) character file.

Game seed: 7711481629295773361

13 Tirrikindir the Ducker (level 2, 21/21 HPs)
             Began as an Octopode Fighter on Oct 21, 2022.
             Was a Follower of Yredelemnul.
             Got out of the dungeon alive.
             The game lasted 00:01:21 (298 turns).

Tirrikindir the Ducker (Octopode Fighter)            Turns: 298, Time: 00:01:21

Health: 21/21      AC:  1    Str: 15    XL:     2   Next: 37%
Magic:  2/2        EV: 13    Int: 10    God:    Yredelemnul [*.....]
Gold:   46         SH:  4    Dex: 11    Spells: 1/1 levels left

rFire   . . .      SeeInvis .   a - +0 long sword
rCold   . . .      Faith    .   b - +0 buckler
rNeg    . . .      Spirit   .   (helmet restricted)
rPois   .          Reflect  .   (no amulet)
rElec   .          Harm     .   (no ring)
rCorr   .          Rampage  .   (no ring)
Will    .....                   (no ring)
Stlth   ++........              (no ring)
HPRegen 0.07/turn               (no ring)
MPRegen 0.08/turn               (no ring)
                                (no ring)
                                (no ring)

@: no status effects
A: almost no armour, amphibious, 8 rings, camouflage 1, gelatinous body 1,
(nimble swimmer 1), tentacles
a: Renounce Religion, Recall Undead Harvest


You escaped.
You worshipped Yredelemnul.
Yredelemnul was noncommittal.
You visited 1 branch of the dungeon, and saw 1 of its levels.

You collected 46 gold pieces.

Inventory:

Hand Weapons
 a - a +0 long sword (weapon)
Armour
 b - a +0 buckler (worn)
Magical Staves
 f - a staff of air
Scrolls
 d - a scroll of teleportation
 g - a scroll of vulnerability {unknown}
 h - a scroll of torment {unknown}
 i - a scroll of acquirement {unknown}
Potions
 c - a potion of might
 e - a potion of flight {unknown}


   Skills:
 + Level 3.1 Fighting
 * Level 2.3 Long Blades
 + Level 3.1 Dodging
 + Level 1.0 Stealth
 + Level 3.1 Shields


You had one spell level left.
You didn't know any spells.
Your spell library was empty.

Dungeon Overview and Level Annotations

Branches:
Dungeon (1/15)

Altars:
Yredelemnul

Shops:
D:1 [


Innate Abilities, Weirdness & Mutations

You cannot wear most types of armour.
You are amphibious.
You can wear up to eight rings at the same time.
Your skin changes colour to match your surroundings (Stealth+).
Your rubbery body absorbs attacks. (AC +1, EV +1)
((You are camouflaged when in or above water. (Stealth+)))
You have tentacles for arms and can constrict up to eight enemies at once.


Message History

The ball python constricts you.
You hit the ball python.
You kill the ball python!
A goblin comes into view. It is wielding a +0 vampiric dagger.
A hobgoblin comes into view.
Found 12 gold pieces and a scroll labelled GIASHE VOUSE.
Found a sling.
Found a stone staircase leading down.
The helpless goblin fails to defend itself.
You slash the goblin!
You kill the goblin!
The dead are walking!
The hobgoblin shouts!
You see here a +0 vampiric dagger.
Your quokka zombie bites the hobgoblin but does no damage.
Your adder zombie barely misses the hobgoblin.
Found a scroll labelled DUSUSH ACSEARI.
The hobgoblin hits you.
Your quokka zombie bites the hobgoblin but does no damage.
Your adder zombie closely misses the hobgoblin.
You slash the hobgoblin!
You kill the hobgoblin!
Your Stealth skill increases to level 1!
You swap places.
You swap places.
h - a scroll labelled DUSUSH ACSEARI You swap places.
You swap places.
You swap places.
You swap places.
You now have 33 gold pieces (gained 12).
i - a scroll labelled GIASHE VOUSE You see here a +0 vampiric dagger.
Found 13 gold pieces.
You now have 46 gold pieces (gained 13).
Found a scroll labelled ESUROG VOTIRGH.
Found Pitetyuj's Antique Armour Shop.
Found a blue potion and a bubbling silvery potion.
There is a staircase leading out of the dungeon here.
You can't go down here!
Are you sure you want to leave the Dungeon?
This will make you lose the game!
You have escaped!

###Z#..## #.Z###∩...
#.#.#!##### #.##.####
..##..(8############
####..Z.ZZZ.........#
#..[#..8##Z..#####.#
#..###.##..Z..# #.#
#...#..###.@.## #.#
#.#....##.....# #.#
#!####.8##...#####.#
#..............#
#.###..8############
...................#
####.######.#.######
#. #.#.# # #.#[#


You could see a friendly ball python zombie, a friendly adder zombie and a
friendly quokka zombie.

Vanquished Creatures
  An endoplasm (D:1)
  2 giant cockroaches (D:1)
  3 goblins (D:1)
  A hobgoblin (D:1)
  A quokka (D:1)
  2 ball pythons (D:1)
  A bat (D:1)
11 creatures vanquished.

Notes
Turn   | Place    | Note
-------+----------+-------------------------------------------
     0 | D:1      | Tirrikindir the Octopode Fighter began the quest for the
                  | Orb.
     0 | D:1      | Reached XP level 1. HP: 16/16 MP: 1/1
    66 | D:1      | Found a faded altar of an unknown god.
    78 | D:1      | Prayed at the altar of an unknown god.
    78 | D:1      | Became a worshipper of Yredelemnul the Dark
    78 | D:1      | Reached * piety under Yredelemnul
   145 | D:1      | Reached XP level 2. HP: 17/21 MP: 2/2
   242 | D:1      | Reached skill level 1 in Stealth
   283 | D:1      | Found Pitetyuj's Antique Armour Shop.
   298 | D:$      | Got out of the dungeon alive.

Illustrated notes

Levels and vault maps discovered:
D:1:      psy_arrival_basics, layout_loops_ring,
          shapermc_ecumenical_altar_totnotflames, serial_shops, shop

Skill      XL: |  1  2 |
---------------+-------+-----
Stealth        | 1 |  1.0
Fighting       | |  3.1
Long Blades    | |  2.3
Dodging        | |  3.1
Shields        | |  3.1

Action                   || total
-------------------------++-------
Melee: Long sword        ||    21
       Constrict         ||     5
       Tentacles         ||     4
  Use: Scroll            ||     1
 Stab: Sleeping          ||     3
Armor: Skin              ||     4
Dodge: Dodged            ||     7
Block: Buckler           ||     2
